 Dungeon Crawl Stone Soup version 0.27-a0-1137-g3ef0f4ec91 (webtiles) character file.

Game seed: 6227316748828650111

2845 night the Tainter (level 9, -9/51 HPs)
             Began as an Octopode Venom Mage on May 6, 2021.
             Was an Initiate of Gozag.
             Mangled by a white ugly thing (16 damage)
             ... on level 8 of the Dungeon.
             The game lasted 00:26:13 (9698 turns).

night the Tainter (Octopode Venom Mage)             Turns: 9698, Time: 00:26:14

Health: -9/51      AC:  1    Str: 10    XL:     9   Next: 74%
Magic:  17/19      EV: 19    Int: 27    God:    Gozag
Gold:   597        SH:  0    Dex: 12    Spells: 3/21 levels left

rFire    . . .     SeeInvis .   i - +1 dagger (speed)
rCold    . . .     Faith    .   (no shield)
rNeg     . . .     Spirit   .   (helmet restricted)
rPois    +         Reflect  .   u - amulet of magic regeneration
rElec    .         Harm     .   h - +4 ring of evasion
rCorr    +         Rampage  .   l - +4 ring of slaying
Will     .....                  D - +6 ring of strength
Stlth    +++.......             y - ring of Mudd {Wiz rPois rCorr Str-4 Int+7}
HPRegen  0.17/turn              (no ring)
MPRegen  0.41/turn              (no ring)
                                (no ring)
                                (no ring)

@: no status effects
A: almost no armour, amphibious, 8 rings, camouflage 1, gelatinous body 1,
(nimble swimmer 1), tentacles
a: Renounce Religion, Potion Petition, Call Merchant, Bribe Branch


You were on level 8 of the Dungeon.
You worshipped Gozag.
Gozag was pleased with you.
You visited 2 branches of the dungeon, and saw 9 of its levels.

You collected 1322 gold pieces.
You spent 644 gold pieces at shops.
You paid 81 gold pieces to Gozag.

Inventory:

Hand Weapons
 c - a +1 dagger of holy wrath
 i - a +1 dagger of speed (weapon)
 x - the +0 dagger "Beetle's Demise" {antimagic, Str+2 Dex+4}
   (You bought it in a shop on level 6 of the Dungeon)

   It reduces the magical energy of the wielder, and disrupts the spells and
   magical abilities of those hit.
   Natural abilities and divine invocations are not affected.
   It affects your strength (+2).
   It affects your dexterity (+4).
Missiles
 g - 183 stones
 o - 3 boomerangs
 p - 78 arrows
 q - 90 bolts
 v - 39 poisoned darts
 w - 46 sling bullets
Magical Staves
 m - a staff of poison
Jewellery
 h - a +4 ring of evasion (left tentacle)
 l - a +4 ring of slaying (right tentacle)
 u - an amulet of magic regeneration (around mantle)
 y - the ring of Mudd (on tentacle) {Wiz rPois rCorr Str-4 Int+7}
   (You acquired it on level 8 of the Dungeon)

   [ring of wizardry]

   It improves your spell success rate.
   It affects your strength (-4).
   It affects your intelligence (+7).
   It protects you from poison.
   It protects you from acid and corrosion.
 B - an amulet of the acrobat
 C - a ring of fire
 D - a +6 ring of strength (on tentacle)
Wands
 j - a wand of polymorph (10)
Scrolls
 k - a scroll of enchant weapon
 r - a scroll of identify
 s - a scroll of immolation {unknown}
 t - 2 scrolls of teleportation
 F - a scroll of torment {unknown}
Potions
 a - 2 potions of heal wounds {unknown}
 b - a potion of flight
 d - 2 potions of degeneration {unknown}
 e - 3 potions of curing
 f - 3 potions of magic {unknown}
 n - 4 potions of haste {unknown}
 z - a potion of attraction {unknown}
 A - a potion of resistance {unknown}
 E - a potion of brilliance {unknown}


   Skills:
 + Level 7.5 Dodging
 - Level 2.6 Stealth
 + Level 6.9 Spellcasting
 + Level 2.1 Transmutations
 + Level 3.6 Air Magic
 - Level 9.0 Poison Magic


You had 3 spell levels left.
You knew the following spells:

 Your Spells              Type           Power      Damage    Failure   Level
a - Sting                 Tmut/Pois      100%       1d8       1%          1
b - Poisonous Vapours     Pois/Air       86%        N/A       1%          2
c - Ignite Poison         Fire/Tmut/Pois 29%        N/A       1%          3
d - Olgreb's Toxic Radia  Pois           55%        N/A       1%          4
e - Mephitic Cloud        Conj/Pois/Air  32%        N/A       1%          3
f - Airstrike             Air            14%        N/A       5%          4
g - Shock                 Conj/Air       76%        1d7       1%          1

Your spell library contained the following spells:

 Spells                   Type           Power      Damage    Failure   Level
 Static Discharge         Conj/Air       19%        N/A       1%          2
 Swiftness                Air            28%        N/A       1%          3
 Animate Skeleton         Necr           18%        N/A       2%          1
 Corona                   Hex            10%        N/A       2%          1
 Magic Dart               Conj           36%        1d4       2%          1
 Pain                     Necr           36%        1d5       2%          1
 Sandblast                Erth           18%        2d7       2%          1
 Vampiric Draining        Necr           4%         2d6       8%          3
 Animate Dead             Necr           4%         N/A       24%         4
 Lightning Bolt           Conj/Air       9%         1d22      30%         5
 Agony                    Necr           9%         N/A       52%         5


Dungeon Overview and Level Annotations

Branches:
Dungeon (8/15)             Temple (1/1) D:6
   Lair: D:8-11

Altars:
Ashenzari
Cheibriados
Elyvilon
Fedhas
Gozag
Hepliaklqana
Makhleb
Nemelex Xobeh
Okawaru
Qazlal
Ru
Sif Muna
Trog
Uskayaw
Vehumet
Wu Jian
Xom
Zin
The Shining One

Shops:
D:3 :   D:6 (

Annotations:
D:3 3 runed translucent doors, p0werm0de's ghost, amateur MiFi


Innate Abilities, Weirdness & Mutations

You cannot wear most types of armour.
You are amphibious.
You can wear up to eight rings at the same time.
Your skin changes colour to match your surroundings (Stealth+).
Your rubbery body absorbs attacks. (AC +1, EV +1)
((You are camouflaged near water. (Stealth+)))
You have tentacles for arms and can constrict up to eight enemies at once.


Message History

Aiming: Poisonous Vapours (safe; 1% risk of failure)
Press: ? - help, Dir - move target, f/p - white ugly thing
Aim: a white ugly thing (very poisoned) Poisonous vapours surround the white ugly thing!
The white ugly thing is engulfed in poison gas.
The white ugly thing looks even sicker.
Casting: Poisonous Vapours (safe; 1% risk of failure)
Confirm with . or Enter, or press ? or * to list all spells.
You ignite the poison in your surroundings!
The white ugly thing seems to burn from within!!!
The white ugly thing is almost dead.
An acid dragon comes into view.
Unknown command.
Casting: Ignite Poison (safe; 1% risk of failure)
Confirm with . or Enter, or press ? or * to list all spells.
Aiming: Poisonous Vapours (safe; 1% risk of failure)
Press: ? - help, Dir - move target, f/p - white ugly thing
Aim: a white ugly thing (almost dead) Poisonous vapours surround the white ugly thing!
The acid dragon roars!
The white ugly thing is engulfed in poison gas.
The white ugly thing is poisoned.
You closely miss the white ugly thing. Your grab misses the white ugly thing.
You squeeze the white ugly thing.
The white ugly thing is almost dead.
You closely miss the white ugly thing. You grab the white ugly thing.
The white ugly thing is almost dead.
You constrict the white ugly thing, but do no damage.
The white ugly thing headbutts you! The white ugly thing freezes you!!
Ouch! That really hurt!
* * * LOW HITPOINT WARNING * * *
You release your grip on the white ugly thing.
The white ugly thing looks more healthy.
The white ugly thing closely misses you.
A wyvern zombie comes into view.
Okay, then.
The acid dragon spits acid at you. The splash of acid misses you.
The white ugly thing headbutts you!
You die...
Your body crumbles into a pile of gold.

..........###
............### ####
........##....##...### #
#...........##......
##.#.#..........#....#
#...........D........#
##.......Z#..##....#.####
#....##.#u.........#....##
#......##@.##...#<........
#...#..##...#..###....#.#.
###
#..##.#.......###....##..
#.#
#..............#...#..##.
#+###.#
##.<..........#..###..##
..##..#####.)............##
##..#
...........[.[[[........#
#..
.........##.[..........# #.
...##..#..#...........## #


You could see a white ugly thing, an acid dragon (catching breath) and a wyvern
zombie.

Vanquished Creatures
  Sigmund (D:4)
  A steam dragon (D:6)
  2 water moccasins (D:6)
  An ice beast (D:5)
  An orc warrior (D:8)
  2 sky beasts
  A hornet zombie (D:6)
  A necrophage (D:5)
  6 ogres
  3 centaurs
  A kobold brigand (D:6)
  A bullfrog (D:6)
  A gnoll sergeant (D:7)
  2 water moccasin skeletons (D:6)
  A howler monkey (D:7)
  A centaur zombie (D:6)
  2 hounds
  An orc priest (D:3)
  A jelly (D:6)
  A bullfrog skeleton (D:7)
  4 iguanas
  5 orc wizards
  A killer bee zombie (D:8)
  8 gnolls
  6 adders
  2 river rats (D:4)
  2 white imps
  2 ufetubi
  7 worms
  3 dart slugs
  22 orcs
  5 ball pythons
  2 bats
  3 endoplasms
  5 goblins
  4 hobgoblins
  6 jackals
  2 quokkas
  5 frilled lizards
  10 kobolds
  3 rats
138 creatures vanquished.

Notes
Turn   | Place    | Note
-------+----------+-------------------------------------------
     0 | D:1      | night the Octopode Venom Mage began the quest for the Orb.
     0 | D:1      | Reached XP level 1. HP: 11/11 MP: 3/3
   128 | D:1      | Found a faded altar of an unknown god.
   747 | D:1      | Reached XP level 2. HP: 8/17 MP: 5/5
   751 | D:1      | HP: 2/17 [jackal (1)]
  1123 | D:1      | Learned a level 2 spell: Poisonous Vapours
  1394 | D:2      | Reached skill level 4 in Poison Magic
  1556 | D:2      | Reached XP level 3. HP: 9/21 MP: 2/6
  2810 | D:3      | Reached XP level 4. HP: 10/27 MP: 0/8
  3219 | D:3      | Identified An Introduction to Thaumaturgy
  3584 | D:3      | Found Neplao Nifym's Book Boutique.
  3617 | D:3      | Found a runed translucent gate.
  3617 | D:3      | Found a runed translucent gate.
  3618 | D:3      | Found a runed translucent gate.
  3622 | D:3      | Noticed p0werm0de's ghost (amateur MiFi)
  3635 | D:3      | Identified a scroll of acquirement
  3635 | D:3      | Acquired 668 gold pieces
  3752 | D:3      | Found a glowing silver altar of Zin.
  3752 | D:3      | Found a blossoming altar of Fedhas.
  3760 | D:3      | Learned a level 3 spell: Ignite Poison
  3907 | D:4      | Reached XP level 5. HP: 28/31 MP: 6/9
  4106 | D:4      | Reached skill level 5 in Poison Magic
  4180 | D:4      | Noticed Sigmund
  4180 | D:4      | Noticed an ogre
  4192 | D:4      | Killed Sigmund
  4193 | D:4      | Reached XP level 6. HP: 30/36 MP: 2/11
  4382 | D:4      | Reached skill level 6 in Poison Magic
  4387 | D:4      | Learned a level 4 spell: Olgreb's Toxic Radiance
  4432 | D:4      | Reached XP level 7. HP: 29/41 MP: 4/13
  5095 | D:4      | Reached skill level 5 in Dodging
  5791 | D:5      | Entered Level 5 of the Dungeon
  6079 | D:5      | Reached skill level 5 in Spellcasting
  6079 | D:5      | Reached skill level 7 in Poison Magic
  6079 | D:5      | Reached XP level 8. HP: 39/46 MP: 8/15
  6264 | D:5      | HP: 3/46 [ice beast (8)]
  6786 | D:5      | Learned a level 3 spell: Mephitic Cloud
  6838 | D:3      | Bought a book of Air for 455 gold pieces
  7069 | D:6      | Reached skill level 8 in Poison Magic
  7238 | D:6      | Found a staircase to the Ecumenical Temple.
  7247 | Temple   | Entered the Ecumenical Temple
  7445 | Temple   | Became a worshipper of Gozag Ym Sagoz the Greedy
  7476 | D:6      | Learned a level 4 spell: Airstrike
  7478 | D:6      | Learned a level 1 spell: Shock
  7565 | D:6      | Found Gabuehav's Antique Weapon Shoppe.
  7589 | D:6      | Reached skill level 1 in Air Magic
  7589 | D:6      | Reached XP level 9. HP: 40/51 MP: 13/18
  7666 | D:6      | Bought a scorched dagger for 189 gold pieces
  7666 | D:6      | Identified the +0 dagger "Beetle's Demise" {antimagic,
                  | Str+2 Dex+4} (You bought it in a shop on level 6 of the
                  | Dungeon)
  7716 | D:6      | Reached skill level 2 in Air Magic
  7966 | D:6      | HP: 7/51 [poisoned by a water moccasin]
  8645 | D:6      | Found a white marble altar of Elyvilon.
  8812 | D:7      | Reached skill level 9 in Poison Magic
  9444 | D:8      | Reached skill level 2 in Transmutations
  9596 | D:8      | Acquired the ring of Mudd {Wiz rPois rCorr Str-4 Int+7}
  9676 | D:8      | Noticed a white ugly thing
  9683 | D:8      | HP: 5/51 [white ugly thing (30)]
  9698 | D:8      | Mangled by a white ugly thing

Illustrated notes

Levels and vault maps discovered:
D:1:      sevenhm_arrival_forest_fort_small_5, layout_loops_ring,
          shapermc_ecumenical_altar_totnotflames, minmay_statues_item,
          minivault_26
D:2:      layout_basic
D:3:      layout_basic, gammafunk_temple_overflow_pools, serial_shops,
          nicolae_shop_crystal, ebering_ghost_rock_garden
D:4:      layout_basic, lightli_sewer_entry_pipes, uniq_sigmund
D:5:      layout_loops_ring
D:6:      layout_layer_cave, kennysheep_mini, minmay_temple_entry_junction_2,
          serial_shops, shop
D:7:      layout_basic
D:8:      minmay_chambers_of_sevens, layout_cave_pools,
          lemuel_coloured_pillars_altar, minivault_27, minmay_diamond_spiral,
          uniq_joseph
Temple:   eino_temple_rhombus

Skill      XL: |  1  2  3  4  5  6  7  8  9 |
---------------+----------------------------+-----
Poison Magic   | 4 5 6 7 8 9 |  9.0
Dodging        | 3 4 5 6 7 |  7.5
Spellcasting   | 3 4 5 6 |  6.9
Air Magic      | 1 3 |  3.6
Transmutations | 2 |  2.1
Stealth        | |  2.6

Action                   |  1- 3 |  4- 6 |  7- 9 || total
-------------------------+-------+-------+-------++-------
Melee: Dagger            |    40 |    41 |   107 ||   188
       Constrict         |    12 |    11 |    21 ||    44
       Unarmed           |     3 |       |       ||     3
       Tentacles         |     4 |     4 |    23 ||    31
 Cast: Poisonous Vapours |    23 |    23 |    53 ||    99
       Sting             |    12 |     8 |    14 ||    34
       Ignite Poison     |       |     1 |    19 ||    20
       Olgreb's Toxic Ra |       |     1 |     8 ||     9
       Shock             |       |       |     5 ||     5
       Airstrike         |       |       |     1 ||     1
Evoke: Wand              |       |       |     1 ||     1
  Use: Scroll            |     2 |     4 |     4 ||    10
 Stab: Sleeping          |     8 |     4 |     8 ||    20
Armor: Skin              |     2 |     1 |     2 ||     5
Dodge: Dodged            |    30 |    20 |    99 ||   149

Table legend: (Time is in decaauts)
 A = Elapsed time spent in this place.
 B = Non-inter-level travel time spent in this place.
 C = Inter-level travel time spent in this place.
 D = Time resting spent in this place.
 E = Time spent auto-exploring this place.
 F = Levels seen in this place.
 G = Mean time per level.
                   A        B        C        D        E       F      G
               +--------+--------+--------+--------+--------+-----+--------+
         Total |   9666 |   9325 |    341 |   1479 |   6743 |   9 | 1074.0 |
       Dungeon |   9450 |   9150 |    300 |   1479 |   6570 |   8 | 1181.2 |
        Temple |    215 |    174 |     41 |      0 |    173 |   1 |  215.0 |
               +--------+--------+--------+--------+--------+-----+--------+

Top non-repeatable levels by time:
     D:4: 1953 daAuts
     D:6: 1558 daAuts
     D:3: 1358 daAuts
     D:2: 1285 daAuts
     D:1: 1243 daAuts
     D:5: 1111 daAuts
     D:7: 624 daAuts
     D:8: 315 daAuts
  Temple: 215 daAuts
